 Dungeon Crawl Stone Soup version 0.30-a0-1094-g860fb061e7 (webtiles) character file.

Game seed: 1931553370831744656

24810 Chudface the Cleaver (level 13, -5/111 HPs)
             Began as a Meteoran Fighter on Apr 17, 2023.
             Was a High Priest of Trog.
             Killed from afar by a deep elf zephyrmancer (36 damage)
             ... with a bolt of lightning
             ... on level 1 of the Elven Halls.
             The game lasted 01:02:32 (6627 turns).

Chudface the Cleaver (Meteoran Fighter)             Turns: 6627, Time: 01:02:32

Health: -5/111     AC: 17    Str: 22    XL:     13   Next: 81%
Magic:  14/14      EV: 12    Int: 12    God:    Trog [*****.]
Gold:   470        SH: 13    Dex: 16    Spells: 12/12 levels left

rFire   + . .      SeeInvis .    a - +0 war axe (heavy)
rCold   + + .      Faith    .    u - +0 kite shield
rNeg    . . .      Spirit   .    K - +0 chain mail {rF+}
rPois   .          Reflect  .    x - +0 helmet {Int+3}
rElec   .          Rampage  .    I - +2 cloak {Will+}
rCorr   .                        (no gloves)
Will    ++++.                    G - +0 pair of boots Stlth
                                 h - amulet of the acrobat
HPRegen 1.38/turn                j - ring of protection from cold
MPRegen 0.14/turn                s - ring of protection from cold

@: mighty, strong-willed, regenerating, glowing
A: sense surroundings 2, otherworldly, glowing, explore regen
a: Renounce Religion, Berserk, Trog's Hand, Brothers in Arms


You were on level 1 of the Elven Halls.
You worshipped Trog.
Trog was extremely pleased with you.
You visited 4 branches of the dungeon, and saw 17 of its levels.
You also visited: Sewer and Ossuary.

You collected 1321 gold pieces.
You spent 851 gold pieces at shops.

Inventory:

Hand Weapons
 a - a +0 heavy war axe (weapon)
 b - a +0 sling
 c - the +2 spear of Disarray {drain, rElec Will- Str+2}
   (You found it on level 5 of the Dungeon)

   Str:       It affects your strength (+2).
   rElec:     It insulates you from electricity.
   Will:      It decreases your willpower.
 o - a +4 bardiche of flaming
 N - a +1 hand axe of flaming
Missiles
 M - a curare-tipped dart (quivered)
Armour
 u - a +0 kite shield (worn)
 x - a +0 helmet of intelligence (worn)
 G - a +0 pair of boots (worn)
 I - a +2 cloak of willpower (worn)
 K - a +0 chain mail of fire resistance (worn)
Jewellery
 h - an amulet of the acrobat (around neck)
 j - a ring of protection from cold (left hand)
 s - a ring of protection from cold (right hand)
 D - a ring of positive energy
Wands
 i - a wand of mindburst (4)
 B - a wand of polymorph (10)
 C - a wand of charming (22)
 H - a wand of flame (8)
 L - a wand of iceblast (6)
Scrolls
 f - a scroll of silence
 g - 5 scrolls of vulnerability
 k - 8 scrolls of teleportation
 l - 3 scrolls of enchant weapon
 m - 5 scrolls of noise
 w - a scroll of magic mapping
 y - 2 scrolls of fear
 z - 7 scrolls of fog
 A - 3 scrolls of enchant armour
 E - 4 scrolls of torment
 O - a scroll of identify
Potions
 e - 12 potions of ambrosia
 n - 2 potions of mutation
 p - 7 potions of curing
 q - 3 potions of haste
 t - 2 potions of flight
 v - 2 potions of cancellation
 F - 3 potions of lignification
 J - a potion of resistance


   Skills:
 + Level 9.2 Fighting
 + Level 14.4 Axes
 - Level 4.0 Ranged Weapons
 + Level 9.6 Armour
 + Level 9.7 Dodging
 + Level 12.7 Shields
 + Level 7.3 Evocations


You had 12 spell levels left.
You didn't know any spells.
Your spell library was empty.

Dungeon Overview and Level Annotations

Branches:
Dungeon (13/15) Zot: 2038  Temple (0/1) D:5            Lair (1/5) D:8 Zot: 570
    Orc (2/2) D:12 Zot: 412     Elf (1/3) Orc:2 Zot: 513   Sewer (visited)
Ossuary (visited)
 Vaults: D:13-14

Altars:
Ashenzari
Cheibriados
Elyvilon
Gozag
Hepliaklqana
Kikubaaqudgha
Makhleb
Nemelex Xobeh
Okawaru
Qazlal
Trog
Vehumet
Wu Jian
Xom
Yredelemnul

Shops:
D:1 [   D:7 ?   Orc:2 ([(?

Portals:
Trove: D:12 (give +8 demon whip)


Innate Abilities, Weirdness & Mutations

You passively map the area around you.
You are easily found by Zot.
You glow in the dark.
You regain HP and MP as you explore.


Message History

The deep elf knight casts a spell at you.
The shard of ice hits you!! You partially resist.
* * * LOW HITPOINT WARNING * * *
The deep elf knight unwields a +0 shortbow.
The deep elf knight wields a +0 scimitar.
The deep elf knight hits you with a +0 scimitar!
* * * LOW HITPOINT WARNING * * *
You slice the deep elf knight!!
You kill the deep elf knight!
Trog accepts your kill.
Trog appreciates your killing of a magic user.
The deep elf archer gestures wildly while chanting.
The deep elf archer blinks!
Your deep troll goes berserk!
Your skin crawls.
You feel strong-willed.
The orc knight roars a battlecry!
The orc warrior goes into a battle-frenzy!
You slash the orc knight!
The orc knight is moderately wounded.
Your deep troll bites the orc knight!
Your deep troll claws the orc knight!!
Your deep troll claws the orc knight!
The orc knight hits your deep troll but does no damage.
Your deep troll bites the orc knight but does no damage.
Your deep troll completely misses the orc knight.
Your deep troll claws the orc knight!!
The orc knight dies!
Trog accepts your kill. You block the orc warrior's attack.
Things that are here:
a +0 great sword; a +0 plate armour You slice the orc warrior!!
The orc warrior is severely wounded.
You block the orc warrior's attack.
Your deep troll rages.
The deep elf zephyrmancer gestures at you while chanting.
The bolt of lightning hits the orc warrior!!
The orc warrior dies!
The bolt of lightning hits you!!!
You die... * ##.....## , , , ##.......## + ...e * * ##.........## * ,.#.. , * #.........o.# .o.o$ *,,, ##.......o..# * oeooo$ , , ##......###.####{.#.. , * ##....## *#..ee...e. , *, ##T.## #oEooo(.E

#@## #o#88
#)# #.##*
,, ,* #e##
##o.# , ,
##o##
##.#......
##.##
##.#####.##
* ##.###.##
# ##o..## *
* ##### , *


You could see a deep elf zephyrmancer, an orc warrior, 2 orcs and a friendly
deep troll (summoned, berserk).

Vanquished Creatures
  Erolcha (D:11)
  A dancing weapon (Elf:1)
  2 two-headed ogres
  2 boulder beetles (D:12)
  Nergalle (D:11)
  A deep elf knight (Elf:1)
  An orc knight (Orc:2)
  An ugly thing (D:12)
  2 orc sorcerers (Orc:2)
  A cyclops (D:12)
  2 manticores
  Maurice (D:8)
  A black mamba (Lair:1)
  An ice statue (D:12)
  Maggie (D:8)
  A komodo dragon (D:11)
  A queen bee (D:9)
  2 trolls
  2 shadows
  Grum (D:10)
  A wraith (D:9)
  16 yaks
  2 wyverns
  3 wargs (Orc:2)
  An acid dragon (D:9)
  2 water moccasins
  39 orc warriors
  4 black bears
  3 ice beasts
  An ogre (Orc:2)
  4 wolves (D:10)
  A centaur (D:7)
  A phantom (D:4)
  4 kobold brigands
  A gnoll sergeant (D:10)
  4 bullfrogs
  4 elf zombies (Ossuary)
  A scorpion (D:6)
  10 wights
  25 killer bees
  An electric eel (Lair:1)
  4 howler monkeys
  A centaur zombie (Ossuary)
  2 hounds
  A jelly (D:6)
  2 human zombies (Ossuary)
  19 orc priests
  4 iguanas
  24 orc wizards
  3 mummies
  7 gnolls
  3 adders
  A white imp (D:6)
  An ufetubus (D:6)
  2 adder zombies (Ossuary)
  3 worms
  3 dart slugs
  90 orcs
  6 endoplasms
  5 giant cockroaches
  2 goblins
  5 hobgoblins
  3 jackals
  29 kobolds
  6 quokkas
  4 ball pythons
  4 bats
  A frilled lizard (D:1)
  3 goblin zombies
  6 hobgoblin zombies (Ossuary)
  6 kobold zombies (Ossuary)
  13 orc zombies (Ossuary)
  10 rats
427 creatures vanquished.

Vanquished Creatures (collateral kills)
  An orc warlord (Orc:2)
  An orc knight (Elf:1)
  Joseph (D:8)
  3 wargs (D:8)
  A centaur (D:8)
  A kobold brigand (D:8)
  5 wights
  A killer bee (D:9)
  An orc priest (D:8)
  An orc (D:8)
  A goblin (D:8)
  4 kobolds (D:8)
21 creatures vanquished.

Vanquished Creatures (others)
  An orc warrior (Elf:1)
  2 killer bees (D:9)
  3 fungi (D:6)
6 creatures vanquished.

Grand Total: 454 creatures vanquished

Notes
Turn   | Place    | Note
-------+----------+-------------------------------------------
     0 | D:1      | Chudface the Meteoran Fighter began the quest for the Orb.
     0 | D:1      | Reached XP level 1. HP: 19/19 MP: 2/2
    54 | D:1      | Reached XP level 2. HP: 26/26 MP: 3/3
   129 | D:1      | Found Putoiven's Armour Shop.
   238 | D:1      | Reached XP level 3. HP: 20/31 MP: 4/4
   240 | D:1      | Reached skill level 1 in Dodging
   378 | D:1      | Found a faded altar of an unknown god.
   388 | D:1      | Prayed at the altar of an unknown god.
   388 | D:1      | Became a worshipper of Trog the Wrathful
   388 | D:1      | Reached * piety under Trog
   566 | D:2      | Reached skill level 3 in Axes
   631 | D:2      | Reached XP level 4. HP: 37/40 MP: 5/5
   873 | D:4      | Found a basalt altar of Yredelemnul.
   894 | D:4      | Noticed an orc warrior
   901 | D:4      | Killed an orc warrior
   902 | D:4      | Reached skill level 1 in Evocations
   902 | D:4      | Reached XP level 5. HP: 44/46 MP: 6/6
   902 | D:4      | Reached ** piety under Trog
   903 | D:4      | Reached XP level 6. HP: 51/52 MP: 7/7
   992 | D:4      | Found a bloodstained altar of Trog.
  1017 | D:4      | Found a hazy altar of Hepliaklqana.
  1135 | D:4      | Reached skill level 4 in Axes
  1135 | D:4      | Reached XP level 7. HP: 42/60 MP: 8/8
  1201 | D:4      | Found a glowing drain.
  1210 | Sewer    | Entered a sewer
  1255 | Sewer    | Noticed a water moccasin
  1261 | Sewer    | Killed a water moccasin
  1262 | Sewer    | Reached skill level 5 in Armour
  1262 | Sewer    | Reached skill level 5 in Shields
  1390 | D:5      | Entered Level 5 of the Dungeon
  1452 | D:5      | Found a sand-covered staircase.
  1459 | D:5      | Identified the +2 spear of Disarray {drain, rElec Will-
                  | Str+2}
  1478 | Ossuary  | Entered an ossuary
  1526 | Ossuary  | Reached *** piety under Trog
  1594 | Ossuary  | Reached skill level 1 in Ranged Weapons
  1594 | Ossuary  | Reached XP level 8. HP: 37/67 MP: 9/9
  1598 | Ossuary  | Reached skill level 5 in Fighting
  1621 | Ossuary  | Reached skill level 5 in Axes
  1728 | D:5      | Found an iron altar of Okawaru.
  1732 | D:5      | Found a broken altar of Ashenzari.
  1872 | D:5      | Found a staircase to the Ecumenical Temple.
  2130 | D:8      | Reached skill level 5 in Dodging
  2130 | D:8      | Gained mutation: You passively map the area around you.
                  | [Meteoran growth]
  2130 | D:8      | Reached XP level 9. HP: 74/74 MP: 10/10
  2185 | D:7      | Reached skill level 6 in Axes
  2366 | D:6      | Reached **** piety under Trog
  2367 | D:6      | Reached skill level 7 in Axes
  2539 | D:6      | Found a stormy altar of Qazlal.
  2692 | D:7      | Reached skill level 8 in Axes
  2741 | D:7      | Found an ornate altar of the Wu Jian Council.
  2848 | D:7      | Found Menaf's Magic Scroll Shop.
  2853 | D:7      | Bought a scroll of enchant armour for 120 gold pieces
  2853 | D:7      | Bought 3 scrolls of fog for 192 gold pieces
  3045 | D:8      | Reached XP level 10. HP: 54/81 MP: 11/11
  3168 | D:8      | Reached skill level 9 in Axes
  3192 | D:8      | Found a radiant altar of Vehumet.
  3193 | D:8      | Noticed Maggie
  3217 | D:8      | Killed Maggie
  3218 | D:8      | Reached skill level 10 in Shields
  3226 | D:8      | HP: 3/79 [asphyx]
  3234 | D:8      | Reached skill level 10 in Axes
  3270 | D:8      | Found a burning altar of Makhleb.
  3297 | D:8      | Noticed Maurice
  3321 | D:8      | Killed Maurice
  3358 | D:8      | Reached skill level 11 in Axes
  3364 | D:8      | Noticed Joseph
  3375 | D:8      | Killed Joseph
  3383 | D:8      | Reached skill level 12 in Axes
  3386 | D:8      | Found a staircase to the Lair.
  3513 | Lair:1   | Entered Level 1 of the Lair of Beasts
  3516 | Lair:1   | Noticed a black mamba
  3542 | Lair:1   | Killed a black mamba
  3543 | Lair:1   | Reached XP level 11. HP: 64/86 MP: 12/12
  3650 | D:10     | Entered Level 10 of the Dungeon
  3657 | D:9      | Noticed a two-headed ogre
  3667 | D:9      | Killed a two-headed ogre
  3808 | D:9      | Found a sparkling altar of Nemelex Xobeh.
  3809 | D:9      | Found an opulent altar of Gozag.
  4114 | D:9      | Found a snail-covered altar of Cheibriados.
  4199 | D:9      | Reached skill level 5 in Evocations
  4373 | D:10     | Found an ancient bone altar of Kikubaaqudgha.
  4389 | D:10     | Found a white marble altar of Elyvilon.
  4483 | D:11     | Noticed a manticore
  4493 | D:11     | Killed a manticore
  4494 | D:11     | Reached skill level 13 in Axes
  4494 | D:11     | Reached XP level 12. HP: 97/97 MP: 13/13
  4727 | D:10     | Reached ***** piety under Trog
  4760 | D:10     | Noticed Grum
  4776 | D:10     | Killed Grum
  4950 | D:10     | Found a shimmering altar of Xom.
  5077 | D:11     | Noticed Nergalle
  5087 | D:11     | Killed Nergalle
  5202 | D:11     | Noticed Erolcha
  5208 | D:11     | Killed Erolcha
  5358 | D:12     | Noticed a boulder beetle
  5391 | D:12     | Killed a boulder beetle
  5535 | D:12     | Noticed a two-headed ogre
  5545 | D:12     | Killed a two-headed ogre
  5602 | D:12     | Found a portal to a secret trove of treasure.
  5649 | D:12     | Noticed a boulder beetle
  5671 | D:12     | Killed a boulder beetle
  5672 | D:12     | Reached XP level 13. HP: 43/107 MP: 14/14
  5795 | D:12     | Found a staircase to the Orcish Mines.
  5802 | Orc:1    | Entered Level 1 of the Orcish Mines
  5821 | Orc:2    | Entered Level 2 of the Orcish Mines
  5942 | Orc:2    | Received a gift from Trog
  6009 | Orc:2    | Noticed an orc warlord
  6013 | Orc:2    | Reached skill level 14 in Axes
  6025 | Orc:2    | Killed an orc warlord
  6103 | Orc:2    | Found Dam Alau's Antique Armour Emporium.
  6105 | Orc:2    | Found Fiuresih's Antique Weapon Shoppe.
  6121 | Orc:2    | Bought a shiny helmet for 187 gold pieces
  6126 | Orc:2    | Bought a pair of boots for 112 gold pieces
  6386 | Orc:2    | Found Tasio's Magic Scroll Emporium.
  6404 | Orc:2    | Bought a scroll of enchant armour for 97 gold pieces
  6404 | Orc:2    | Bought a scroll of fog for 52 gold pieces
  6404 | Orc:2    | Bought a scroll of identify for 26 gold pieces
  6404 | Orc:2    | Bought a scroll of teleportation for 39 gold pieces
  6404 | Orc:2    | Bought a scroll of identify for 26 gold pieces
  6483 | Orc:2    | Found a staircase to the Elven Halls.
  6527 | Orc:2    | Found Peol's Antique Weapon Emporium.
  6548 | Elf:1    | Entered Level 1 of the Elven Halls
  6593 | Elf:1    | Noticed a deep elf demonologist
  6627 | Elf:1    | Killed from afar by a deep elf zephyrmancer

Illustrated notes

Levels and vault maps discovered:
D:1:      dpeg_arrival_simpleton_a, layout_loops_ring, serial_shops,
          nicolae_shop_window_shopping, dreamdust_ecumenical_altar_statues,
          minmay_cut_off
D:2:      layout_loops_ring, minivault_14, minmay_pentomino_p4, uniq_terence,
          uniq_robin
D:3:      layout_loops_ring, nicolae_goblin_pals
D:4:      layout_cave_pods, lemuel_crystal_altar,
          nicolae_overflow_crystal_walls, bloody_trog, gup_sewer_entry_spiral,
          grunt_ministairs_2, guppyfry_early_orc_mine
D:5:      layout_cave_pods, ashenzari_altar_1, mainiacjoe_overflow_brackets,
          minmay_temple_entry_hall, enter_ossuary_3,
          chequers_serial_rivers_micro_e
D:6:      layout_loops_cross, mainiacjoe_overflow_tiny_flanked,
          uniq_crazy_yiuf_cottage
D:7:      layout_basic, nzn_wu_jian_contemplation, serial_shops, shop,
          ebering_dispersal_statue_hall, minivault_22
D:8:      layout_loops_cross, vehumet_altar_wand_db,
          mainiacjoe_overflow_small_starburst, erik_lair_orcish_takeover,
          kennysheep_windowed_goal, uniq_joseph, uniq_maurice, uniq_maggie
D:9:      layout_roguey [special_room_bee], grunt_temple_overflow_opulence,
          slow_altar_2, minmay_misc_feat_rugged
D:10:     layout_small_grid, overflow_temple_1_default, elyvilon_altar_5,
          lemuel_crystal_altar, uniq_grum
D:11:     layout_rooms, worldfamousw_hep_ancestral_shrine, uniq_nergalle,
          uniq_erolcha
D:12:     gargoyle_guard, layout_stronghold, orc_0_dummy, enter_trove_0,
          minivault_16
D:13:     layout_roguey
Lair:1:   layout_cave_pods, basic_altar, nicolae_lair_run_with_the_wolves,
          grunt_megastairs_2, infiniplex_staircase_pool, serial_bayou_shore_b
Orc:1:    layout_diamond_mine, sword_in_stone
Orc:2:    grunt_orc_community_town_hall, layout_caves,
          grunt_orc_community_big_house_2, grunt_orc_community_big_house_1,
          grunt_orc_community_house_2, grunt_orc_community_house_3,
          grunt_orc_community_house_1, grunt_orc_community_house_3,
          grunt_orc_community_house_3, minmay_orc_temple_b
Elf:1:    layout_loops_corners, orc_legates

Skill      XL: |  1  2  3  4  5  6  7  8  9 10 11 12 13 |
---------------+----------------------------------------+-----
Dodging        | 1 2 3 5 6 8 9 |  9.7
Armour         | 4 5 6 8 9 |  9.6
Shields        | 4 5 6 8 10 11 12 | 12.7
Axes           | 3 4 5 8 12 13 14 | 14.4
Fighting       | 4 5 6 8 9 |  9.2
Evocations     | 1 2 3 5 7 |  7.3
Ranged Weapons | 1 3 4 |  4.0

Action                     |  1- 3 |  4- 6 |  7- 9 | 10-12 | 13-15 || total
---------------------------+-------+-------+-------+-------+-------++-------
  Melee: War axe           |    79 |    75 |   358 |   637 |   241 ||  1390
  Throw: Dart              |       |       |       |     4 |       ||     4
 Invoke: Berserk           |       |     1 |     2 |    11 |       ||    14
         Trog's Hand       |       |       |     1 |     1 |     2 ||     4
         Brothers in Arms  |       |       |       |     3 |     3 ||     6
  Evoke: Wand              |       |       |       |    15 |     2 ||    17
    Use: Potion            |       |     1 |       |     4 |     5 ||    10
         Scroll            |       |       |    10 |    10 |     4 ||    24
 Armour: Scale mail        |    34 |    14 |       |       |       ||    48
         Chain mail        |       |    34 |    98 |    56 |    92 ||   280
         Plate armour      |       |       |   133 |   140 |       ||   273
         Skin              |       |       |       |    57 |       ||    57
  Dodge: Dodged            |    20 |    15 |    81 |   137 |    71 ||   324
  Block: Buckler           |    24 |       |       |       |       ||    24
         Kite shield       |       |    35 |   237 |   378 |   183 ||   833

Table legend: (Time is in decaauts)
 A = Elapsed time spent in this place.
 B = Non-inter-level travel time spent in this place.
 C = Inter-level travel time spent in this place.
 D = Time resting spent in this place.
 E = Time spent auto-exploring this place.
 F = Levels seen in this place.
 G = Mean time per level.
                   A        B        C        D        E       F      G
               +--------+--------+--------+--------+--------+-----+--------+
         Total |   7058 |   5937 |   1121 |      0 |      0 |  19 |  371.5 |
       Dungeon |   5762 |   4801 |    961 |      0 |      0 |  13 |  443.2 |
          Lair |     29 |     29 |      0 |      0 |      0 |   1 |   29.0 |
  Orcish Mines |    787 |    627 |    160 |      0 |      0 |   2 |  393.5 |
   Elven Halls |     85 |     85 |      0 |      0 |      0 |   1 |   85.0 |
         Sewer |    114 |    114 |      0 |      0 |      0 |   1 |  114.0 |
       Ossuary |    278 |    278 |      0 |      0 |      0 |   1 |  278.0 |
               +--------+--------+--------+--------+--------+-----+--------+

Top non-repeatable levels by time:
     D:9: 778 daAuts
     D:8: 691 daAuts
   Orc:2: 678 daAuts
     D:4: 606 daAuts
    D:10: 593 daAuts
    D:12: 512 daAuts
     D:6: 477 daAuts
     D:1: 473 daAuts
     D:5: 445 daAuts
     D:7: 421 daAuts
    D:11: 345 daAuts
 Ossuary: 278 daAuts
     D:2: 222 daAuts
     D:3: 165 daAuts
   Sewer: 114 daAuts
